 Dungeon Crawl Stone Soup version 0.30-a0-782-ge64f9170bb (webtiles) character file.

Game seed: 17050268196844851183

11900 HoaS the Marksgargoyle (level 11, -5/57 HPs)
             Began as a Gargoyle Hunter on Feb 19, 2023.
             Was an Elder of Zin.
             Slain by a wolf spider (14 damage)
             ... on level 1 of the Lair of Beasts.
             The game lasted 00:32:17 (11997 turns).

HoaS the Marksgargoyle (Gargoyle Hunter)           Turns: 11997, Time: 00:32:17

Health: -5/57      AC: 14    Str: 16    XL:     11   Next: 84%
Magic:  12/14      EV: 12    Int: 11    God:    Zin [****..]
Gold:   572        SH:  0    Dex: 18    Spells: 10/10 levels left

rFire   . . .      SeeInvis +    g - +5 longbow (freeze)
rCold   . . .      Faith    .    (shield currently unavailable)
rNeg    + . .      Spirit   .    c - +0 leather armour
rPois   ∞          Reflect  .    (no helmet)
rElec   +          Harm     .    j - scarf {repulsion}
rCorr   .          Rampage  .    i - +0 pair of gloves
Will    .....                    h - +1 pair of boots
Stlth   ++                       (no amulet)
HPRegen 0.29/turn                s - ring of see invisible
MPRegen 0.14/turn                (no ring)

@: vitalised, repel missiles
A: sickness immunity, AC +8, negative energy resistance 1, electricity
resistance, torment resistance 1, petrification resistance
a: Renounce Religion, Recite, Vitalisation, Imprison, Donate Gold


You were on level 1 of the Lair of Beasts.
You worshipped Zin.
Zin was greatly pleased with you.
You visited 3 branches of the dungeon, and saw 12 of its levels.
You also visited: Ossuary and Gauntlet.

You collected 635 gold pieces.
You donated 63 gold pieces to Zin.

Inventory:

Hand Weapons
 g - a +5 longbow of freezing (weapon)
Missiles
 u - 2 throwing nets
Armour
 c - a +0 leather armour (worn)
 h - a +1 pair of boots (worn)
 i - a +0 pair of gloves (worn)
 j - a scarf of repulsion (worn)
 k - a +0 cloak
Jewellery
 s - a ring of see invisible (left hand)
Wands
 r - a wand of light (8)
 t - a wand of roots (16)
 y - a wand of flame (13)
Scrolls
 a - 2 scrolls of fog
 b - 5 scrolls of immolation
 e - 3 scrolls of poison
 f - 9 scrolls of teleportation
 q - 3 scrolls of identify
 A - a scroll of blinking
Potions
 d - 2 potions of resistance
 l - a potion of lignification {unknown}
 m - 9 potions of curing
 n - 2 potions of berserk rage {unknown}
 o - 3 potions of attraction {unknown}
 p - a potion of cancellation {unknown}
 v - a potion of haste
 w - a potion of brilliance {unknown}
 z - a potion of ambrosia {unknown}


   Skills:
 - Level 2.1 Fighting
 * Level 17.9 Ranged Weapons
 - Level 1.5 Dodging
 - Level 1.1 Stealth
 - Level 5.0 Invocations


You had 10 spell levels left.
You didn't know any spells.
Your spell library contained the following spells:

 Spells                   Type           Power      Damage    Failure   Level
 Call Canine Familiar     Summ           0%         N/A       78%         3
 Frozen Ramparts          Ice            0%         1d1       78%         3
 Kindle Blastsparks       Fire/Tloc/Air  0%         2d10      78%         3
 Mephitic Cloud           Conj/Pois/Air  0%         N/A       78%         3
 Portal Projectile        Hex/Tloc       0%         N/A       78%         3
 Tukima's Dance           Hex            0%         N/A       78%         3
 Leda's Liquefaction      Hex/Erth       0%         N/A       99%         4
 Petrify                  Tmut/Erth      0%         N/A       99%         4
 Blade Hands              Tmut           0%         N/A       100%        5
 Irradiate                Conj/Tmut      0%         3d11      100%        5
 Chain Lightning          Conj/Air       0%         N/A       100%        9
 Sublimation of Blood     Necr           Unusable   N/A       N/A         2

Dungeon Overview and Level Annotations

Branches:
Dungeon (10/15)            Temple (1/1) D:7            Lair (1/5) D:10
Ossuary (visited)         Gauntlet (visited)
    Orc: D:9-12

Altars:
Ashenzari
Cheibriados
Dithmenos
Elyvilon
Fedhas
Gozag
Hepliaklqana
Kikubaaqudgha
Makhleb
Nemelex Xobeh
Okawaru
Qazlal
Ru
Sif Muna
Trog
Uskayaw
Vehumet
Wu Jian
Xom
Yredelemnul
Zin
The Shining One


Innate Abilities, Weirdness & Mutations

You are immune to sickness and miasma.
Your stone body is resilient. (AC +8)
You are immune to poison.
You resist negative energy. (rN+)
You are resistant to electric shocks. (rElec)
You are resistant to unholy torment.
You are immune to petrification.


Message History

The wolf spider bites you but does no damage.
An elephant comes into view.
You feel much better.
The wolf howls!
The elephant trumpets!
The wolf spider hits you. The wolf spider completely misses you.
The elephant tramples you!
You hold your ground!
The elephant trunk-slaps you. The wolf spider closely misses you.
The wolf spider bites you.
You shoot an arrow. The arrow hits the wolf spider!
The arrow freezes the wolf spider.
The wolf spider is moderately wounded.
The elephant misses you.
The elephant trunk-slaps you but does no damage.
The wolf spider hits you! The wolf spider barely misses you.
You are too injured to fight recklessly!
You shoot an arrow. The arrow hits the wolf spider!
The arrow freezes the wolf spider.
The wolf spider is heavily wounded.
The wolf spider misses you. The wolf spider barely misses you.
The elephant tramples you!
You hold your ground!
The elephant closely misses you.
You feel much better. The wolf spider barely misses you. x2
The elephant misses you. The elephant barely misses you.
The wolf spider hits you! The wolf spider closely misses you.
Okay, then.
Zin grants you divine stamina. The wolf spider hits you.
The wolf spider bites you but does no damage.
The elephant barely misses you.
The elephant trunk-slaps you but does no damage.
You shoot an arrow. The arrow hits the wolf spider.
The arrow freezes the wolf spider.
The wolf spider is heavily wounded.
The wolf spider hits you! The wolf spider bites you. The elephant tramples you!
* * * LOW HITPOINT WARNING * * *
You hold your ground!
The elephant closely misses you.
You shoot an arrow.
The arrow hits the wolf spider but does no damage.
The wolf spider is heavily wounded.
The wolf spider hits you!
You die...

#####.####..... ### ##
#...... ####.# #######...###
##....#####.#......÷#
#.....##.......###..##
##.........(...####...#
##.....Y.....##..##...##
#.....hs#Y...##.###...#
#......#@†.......##P..### #
..#...hh####.#............
....#............###.....###
#...hh........##.......#
#....###............)..##
##...# #...........#.#..#
#...# #.#.###.##.##....#
....# #.............##..
##..h# ###.#######.......


You could see 2 elephants, a wolf spider and a wolf.

Vanquished Creatures
  Erica (D:9)
  An ugly thing (D:9)
  An elephant (Lair:1)
  3 komodo dragons (Lair:1)
  A troll (D:10)
  Prince Ribbit (D:9)
  2 hornets
  3 blink frogs (Lair:1)
  Sigmund (D:4)
  3 wyverns
  11 yaks
  A steam dragon (D:7)
  Menkaure (D:6)
  2 water moccasins
  3 hornet zombies (Ossuary)
  An orc warrior (D:8)
  3 ice beasts
  10 wolves (Lair:1)
  3 ogres
  4 centaurs
  A phantom (D:4)
  2 kobold brigands (D:10)
  2 gnoll sergeants
  4 bullfrogs
  A necrophage (D:5)
  3 wyvern zombies (Ossuary)
  7 scorpions
  3 water moccasin zombies (Ossuary)
  5 wights (D:7)
  10 killer bees
  3 electric eels (D:4)
  Crazy Yiuf (D:2)
  5 centaur zombies (Ossuary)
  3 hounds
  3 bullfrog zombies (Ossuary)
  3 jellies
  5 gnoll boudas
  4 orc priests
  6 orc wizards
  An iguana (D:4)
  3 killer bee zombies (Ossuary)
  14 mummies (Ossuary)
  A howler monkey zombie (Ossuary)
  24 gnolls
  6 adders
  A shadow imp (D:7)
  2 white imps
  4 dart slugs
  32 orcs
  6 ball pythons
  9 endoplasms
  8 giant cockroaches
  9 hobgoblins
  5 jackals
  4 quokkas
  8 bats
  6 frilled lizards
  10 goblins
  12 kobolds
  5 rats
  A butterfly (D:7)
298 creatures vanquished.

Vanquished Creatures (others)
  2 fungi (Lair:1)
  7 plants
  5 withered plants
14 creatures vanquished.

Grand Total: 312 creatures vanquished

Notes
Turn   | Place    | Note
-------+----------+-------------------------------------------
     0 | D:1      | HoaS the Gargoyle Hunter began the quest for the Orb.
     0 | D:1      | Reached XP level 1. HP: 12/12 MP: 1/1
   135 | D:1      | Reached XP level 2. HP: 17/17 MP: 2/2
   427 | D:1      | Got the Papyrus of the Feathery Iceberg
   935 | D:1      | Reached XP level 3. HP: 21/21 MP: 3/3
  1141 | D:2      | Reached skill level 5 in Ranged Weapons
  1355 | D:2      | Reached XP level 4. HP: 12/26 MP: 4/4
  1965 | D:2      | Found a runed translucent door.
  1966 | D:2      | Noticed Crazy Yiuf
  2273 | D:2      | Reached skill level 6 in Ranged Weapons
  2273 | D:2      | Reached XP level 5. HP: 19/30 MP: 5/5
  2978 | D:2      | Killed Crazy Yiuf
  2994 | D:2      | Identified the +9 hammer of Karma {drain, rF+ rCorr}
  3141 | D:4      | Found a transporter.
  3369 | D:3      | Reached skill level 7 in Ranged Weapons
  3563 | D:3      | Reached XP level 6. HP: 9/35 MP: 6/6
  3908 | D:4      | Reached skill level 8 in Ranged Weapons
  3975 | D:4      | Reached XP level 7. HP: 40/40 MP: 7/7
  4263 | D:4      | Noticed Sigmund
  4275 | D:4      | Killed Sigmund
  4276 | D:4      | Reached skill level 9 in Ranged Weapons
  4354 | D:4      | Found a transporter.
  4595 | D:5      | Entered Level 5 of the Dungeon
  4853 | D:5      | Reached XP level 8. HP: 44/44 MP: 8/8
  4952 | D:5      | Reached skill level 10 in Ranged Weapons
  5033 | D:5      | Found a sand-covered staircase.
  5039 | Ossuary  | Entered an ossuary
  5270 | Ossuary  | Reached skill level 11 in Ranged Weapons
  5595 | Ossuary  | Reached XP level 9. HP: 36/48 MP: 9/9
  5660 | Ossuary  | Reached skill level 12 in Ranged Weapons
  6094 | D:5      | Identified a scroll of acquirement
  6094 | D:5      | Acquired a +4 longbow of freezing
  6742 | D:6      | Noticed Menkaure
  6745 | D:6      | Reached skill level 13 in Ranged Weapons
  7021 | D:6      | Killed Menkaure
  7289 | D:7      | Reached skill level 14 in Ranged Weapons
  7315 | D:7      | Reached XP level 10. HP: 52/53 MP: 10/10
  7327 | D:7      | Found a staircase to the Ecumenical Temple.
  7335 | Temple   | Entered the Ecumenical Temple
  7672 | Temple   | Became a worshipper of Zin the Law-Giver
  7672 | Temple   | Reached * piety under Zin
  7806 | D:7      | Found a runed translucent door.
  7811 | D:7      | Found a runed translucent door.
  7818 | D:7      | Reached skill level 1 in Invocations
  7940 | D:7      | Reached ** piety under Zin
  9248 | D:9      | Reached skill level 15 in Ranged Weapons
  9553 | D:9      | Noticed Prince Ribbit
  9556 | D:9      | Killed Prince Ribbit
  9564 | D:9      | Noticed a white ugly thing
  9614 | D:9      | Killed a white ugly thing
  9615 | D:9      | Reached skill level 5 in Invocations
  9690 | D:9      | Reached XP level 11. HP: 57/57 MP: 14/14
  9697 | D:9      | Reached *** piety under Zin
  9754 | D:9      | Noticed Erica
  9763 | D:9      | Killed Erica
  9764 | D:9      | Reached skill level 16 in Ranged Weapons
  9959 | D:10     | Entered Level 10 of the Dungeon
 10443 | D:10     | Found a staircase to the Lair.
 10456 | D:10     | Reached **** piety under Zin
 10523 | D:10     | Found a white marble altar of Elyvilon.
 10523 | D:10     | Found a shimmering altar of Xom.
 11080 | Lair:1   | Entered Level 1 of the Lair of Beasts
 11191 | Lair:1   | Reached skill level 17 in Ranged Weapons
 11286 | Lair:1   | Found a gate leading to a gauntlet.
 11295 | Gauntlet | Entered a Gauntlet
 11295 | Gauntlet | Found a transporter.
 11302 | Gauntlet | Found a transporter.
 11304 | Gauntlet | Found a transporter.
 11315 | Gauntlet | Found a transporter.
 11318 | Gauntlet | Found a transporter.
 11325 | Gauntlet | Noticed a reaper
 11338 | Gauntlet | Found a transporter.
 11343 | Gauntlet | Noticed a thrashing horror
 11345 | Gauntlet | Found a transporter.
 11347 | Gauntlet | Noticed a thrashing horror
 11357 | Gauntlet | Found a transporter.
 11359 | Gauntlet | Noticed a quicksilver ooze
 11368 | Gauntlet | Found a transporter.
 11369 | Gauntlet | Found a runed translucent door.
 11369 | Gauntlet | Found a runed translucent door.
 11383 | Gauntlet | Found a transporter.
 11383 | Gauntlet | Found a transporter.
 11397 | Gauntlet | Found a transporter.
 11412 | Gauntlet | Noticed a soul eater
 11418 | Gauntlet | Noticed an oklob plant
 11420 | Gauntlet | Found a transporter.
 11420 | Gauntlet | Found a transporter.
 11950 | Lair:1   | Noticed a wolf spider
 11997 | Lair:1   | Slain by a wolf spider

Illustrated notes

Levels and vault maps discovered:
D:1:      beargit_arrival_greenhouse, layout_loops_corners, minmay_statues_item
D:2:      layout_loops_ring, uniq_crazy_yiuf_cottage
D:3:      layout_basic, minmay_unequal
D:4:      gammafunk_steamed_eel, layout_cave_pods, kennysheep_generic_room_11,
          uniq_sigmund
D:5:      layout_cave_pods, nicolae_ossuary_entry_plus, nicolae_sextant,
          grunt_ministairs_13, kennysheep_big_empty_room, nicolae_grassy_gnolls
D:6:      layout_cave_pools, uniq_menkaure
D:7:      lemuel_insect_pit, layout_loops_ring, minmay_temple_entry_tees
D:8:      layout_rooms
D:9:      layout_cave_pools, uniq_erica, uniq_prince_ribbit1
D:10:     layout_basic, grunt_temple_overflow_open, lair_entry_dummy
Temple:   mainiacjoe_temple_cubbyholes
Lair:1:   layout_misc_corridors, gauntlet_entry_generic,
          nicolae_lair_run_with_the_wolves

Skill      XL: |  1  2  3  4  5  6  7  8  9 10 11 |
---------------+----------------------------------+-----
Ranged Weapons | 5 6 7 8 9 11 14 15 17 | 17.9
Invocations    | 5 |  5.0
Fighting       | |  2.1
Dodging        | |  1.5
Stealth        | |  1.1

Action                     |  1- 3 |  4- 6 |  7- 9 | 10-12 || total
---------------------------+-------+-------+-------+-------++-------
  Melee: Shortbow          |       |       |     8 |       ||     8
   Fire: Shortbow          |    94 |   192 |   330 |       ||   616
         Longbow           |       |       |    67 |   412 ||   479
 Invoke: Vitalisation      |       |       |       |     2 ||     2
         Recite            |       |       |       |     1 ||     1
    Use: Scroll            |     5 |     4 |    11 |     3 ||    23
         Potion            |       |     1 |     3 |     6 ||    10
 Armour: Leather armour    |    32 |    60 |   110 |    96 ||   298
  Dodge: Dodged            |    49 |    82 |   136 |   162 ||   429
         Repelled          |       |       |       |     1 ||     1

Table legend: (Time is in decaauts)
 A = Elapsed time spent in this place.
 B = Non-inter-level travel time spent in this place.
 C = Inter-level travel time spent in this place.
 D = Time resting spent in this place.
 E = Time spent auto-exploring this place.
 F = Levels seen in this place.
 G = Mean time per level.
                   A        B        C        D        E       F      G
               +--------+--------+--------+--------+--------+-----+--------+
         Total |  12075 |  11061 |   1014 |   2394 |   6526 |  14 |  862.5 |
       Dungeon |   9754 |   8779 |    975 |   1550 |   5636 |  10 |  975.4 |
        Temple |    367 |    328 |     39 |      0 |    288 |   1 |  367.0 |
          Lair |    698 |    698 |      0 |    225 |    297 |   1 |  698.0 |
       Ossuary |   1054 |   1054 |      0 |    618 |    134 |   1 | 1054.0 |
      Gauntlet |    199 |    199 |      0 |      0 |    171 |   1 |  199.0 |
               +--------+--------+--------+--------+--------+-----+--------+

Top non-repeatable levels by time:
     D:1: 1354 daAuts
     D:2: 1286 daAuts
     D:4: 1201 daAuts
     D:7: 1180 daAuts
     D:3: 1147 daAuts
     D:5: 1067 daAuts
 Ossuary: 1054 daAuts
     D:8: 817 daAuts
    D:10: 735 daAuts
  Lair:1: 698 daAuts
     D:9: 539 daAuts
     D:6: 424 daAuts
  Temple: 367 daAuts
Gauntlet: 199 daAuts
